 Dungeon Crawl Stone Soup version 0.31-a0-1352-gc98d92de7d (webtiles) character file.

Game seed: 7226169775601146366

2936146 jt the Armataur Barricade (level 27, 261/261 HPs)
             Began as an Armataur Cinder Acolyte on Dec 22, 2023.
             Was an Initiate of Gozag.
             Escaped with the Orb
             ... and 5 runes
             ... and 1 gem!
             The game lasted 05:39:55 (84672 turns).

jt the Armataur Barricade (AtCA)                   Turns: 84672, Time: 05:39:56

Health: 261/261    AC: 45    Str: 35    XL:     27
Magic:  33/35      EV: 11    Int: 26    God:    Gozag
Gold:   9343       SH: 19    Dex: 10    Spells: 20/43 levels left

rFire   + + .        b - +12 broad axe of the Winnowing Madman {pain, rCorr}
rCold   + + +        j - +2 shield of Resistance {rF++ rC++ Will++}
rNeg    + + +        g - +5 storm dragon scales of Uluamemy {rElec rPois rF- rN++}
rPois   +            J - +1 helmet "Jedi" {Str+8 Int+3}
rElec   +            x - +1 cloak of Starlight {*Dazzle EV+4 Stlth--}
rCorr   +            e - +2 pair of gloves
SInv    +            G - +4 barding {rC+}
Will    +++++        p - amulet of the Turtle {rN+ Regen+} Stlth
                     E - ring of Summer {rPois rF+ rC+ Dex+6}
HPRegen 2.88/turn    M - ring "Xaluhelo" {rElec Will++ Int+2 Dex-2 SInv}
MPRegen 0.57/turn

%: roll
@: gold aura, hasted, studying 3 skills, very quick
A: large, deformed body, tough skin 3, armoured tail, roll 2, regeneration 1,
screaming 1, teleportitis 1, cold vulnerability 1
0: Orb of Zot
}: 5/15 runes: serpentine, barnacled, slimy, silver, abyssal
a: Renounce Religion, Potion Petition, Call Merchant, Bribe Branch


You escaped.
You worshipped Gozag.
Gozag was greatly pleased with you.
You visited 14 branches of the dungeon, and saw 58 of its levels.
You visited the Abyss 2 times.
You visited 4 bazaars.
You also visited: Trove, Ossuary, Ice Cave, Wizlab and Desolation.

You collected 30925 gold pieces.
You spent 12729 gold pieces at shops.
You paid 8853 gold pieces to Gozag.

Inventory:

Hand Weapons
 a - a +9 vampiric broad axe
 b - the +12 broad axe of the Winnowing Madman (weapon) {pain, rCorr}
   (You bought it in a shop on level 13 of the Dungeon)

   rCorr:     It protects you from acid and corrosion.
 W - a +1 demon trident of venom
 Y - a +3 sacred scourge of holy wrath
Missiles
 l - 10 curare-tipped darts
Armour
 e - a +2 pair of gloves (worn)
 g - the +5 storm dragon scales of Uluamemy (worn) {rElec rPois rF- rN++}
   (You bought it in a shop on level 10 of the Dungeon)

   rF-:       It makes you vulnerable to fire.
   rElec:     It insulates you from electricity.
   rPois:     It protects you from poison rN++: It greatly protects you from
   negative energy.
 j - the +2 shield of Resistance (worn) {rF++ rC++ Will++}
   (You found it on level 11 of the Dungeon)

   rF++:      It greatly protects you from fire.
   rC++:      It greatly protects you from cold.
   Will++:    It greatly increases your willpower.
 x - the +1 cloak of Starlight (worn) {*Dazzle EV+4 Stlth--}
   (You acquired it on level 1 of the Snake Pit)

   *Dazzle:   It may blind those who miss an attack against the wearer in melee
   combat.
   EV+4:      It affects your evasion (+4).
   Stlth--:   It makes you much less stealthy.
 G - a +4 barding of cold resistance (worn)
 H - the +2 cloak of the Last Blessings {Will++ Str+2}
   (You bought it in a shop on level 3 of the Snake Pit)

   Str+2:     It affects your strength (+2).
   Will++:    It greatly increases your willpower.
 J - the +1 helmet "Jedi" (worn) {Str+8 Int+3}
   (You acquired it on level 3 of the Depths)

   Str+8:     It affects your strength (+8).
   Int+3:     It affects your intelligence (+3).
 S - a +1 cloak of preservation
Jewellery
 p - the amulet of the Turtle (around neck) {rN+ Regen+}
   (You found it on level 5 of the Vaults)

   [amulet of regeneration]

   rN+:       It protects you from negative energy.
   Regen+:    It increases your rate of health regeneration.
 E - the ring of Summer (left hand) {rPois rF+ rC+ Dex+6}
   (You found it on level 2 of the Abyss)

   [ring of dexterity]

   Dex+6:     It affects your dexterity (+6).
   rF+:       It protects you from fire.
   rC+:       It protects you from cold.
   rPois:     It protects you from poison
 M - the ring "Xaluhelo" (right hand) {rElec Will++ Int+2 Dex-2 SInv}
   (You found it on level 5 of the Vaults)

   [ring of see invisible]

   Int+2:     It affects your intelligence (+2).
   Dex-2:     It affects your dexterity (-2).
   rElec:     It insulates you from electricity.
   Will++:    It greatly increases your willpower.
   SInv:      It lets you see invisible.
 P - the ring of Sif Muna's Pride {rF+ rC+ Int+4 Dex-3}
   (You took it off a deep elf high priest on level 3 of the Elven Halls)

   [ring of protection from fire]

   Int+4:     It affects your intelligence (+4).
   Dex-3:     It affects your dexterity (-3).
   rF+:       It protects you from fire.
   rC+:       It protects you from cold.
 Q - a ring of flight
Wands
 f - a wand of polymorph (37)
 w - a wand of digging (21)
 y - a wand of quicksilver (27)
 D - a wand of iceblast (64)
 I - a wand of flame (94)
 X - a wand of paralysis (24)
Scrolls
 h - 7 scrolls of fear
 i - a scroll of silence
 m - 4 scrolls of summoning
 q - 17 scrolls of teleportation
 z - 6 scrolls of fog
 C - 11 scrolls of vulnerability
 F - 15 scrolls of revelation
 K - 5 scrolls of immolation
 R - a scroll of blinking
 Z - 12 scrolls of poison
Potions
 c - 19 potions of curing
 d - 5 potions of cancellation
 k - 10 potions of brilliance
 r - 3 potions of magic
 s - 9 potions of heal wounds
 t - 11 potions of ambrosia
 u - 3 potions of resistance
 A - 7 potions of invisibility
 B - 9 potions of haste
 N - 21 potions of mutation
 O - 5 potions of enlightenment
 U - 4 potions of berserk rage
Miscellaneous
 n - a lightning rod (4/4)
 o - a phantom mirror
 v - a phial of floods
 L - the horn of Geryon
 T - a tin of tremorstones (2/2)
 V - a box of beasts


   Skills:
 + Level 24.0 Fighting
 - Level 18.0 Axes
 - Level 22.1 Armour
 - Level 5.3 Dodging
 - Level 13.0 Stealth
 O Level 27 Shields
 - Level 8.5 Spellcasting
 - Level 10.2 Necromancy
 - Level 16.0 Translocations
 - Level 6.0 Fire Magic
 - Level 5.0 Air Magic
 - Level 5.0 Earth Magic
 - Level 5.0 Alchemy
 - Level 10.3 Evocations


You had 20 spell levels left.
You knew the following spells:

 Your Spells              Type           Power      Damage    Failure   Level
a - Scorch                Fire           84%        2d8       1%          2
b - Blink                 Tloc           100%       N/A       1%          2
c - Vhi's Electric Charg  Tloc/Air       100%       N/A       1%          4
d - Dispersal             Tloc           38%        N/A       2%          6
e - Fugue of the Fallen   Necr           59%        N/A       1%          3
f - Dispel Undead         Necr           59%        3d21      1%          4
g - Passwall              Alch/Erth      30%        N/A       2%          2

Your spell library contained the following spells:

 Spells                   Type           Power      Damage    Failure   Level
 Kiss of Death            Conj/Necr      100%       2d13      1%          1
 Necrotise                Necr           100%       1d9       1%          1
 Sandblast                Erth           74%        2d16      1%          1
 Cigotuvi's Dreadful Rot  Necr/Alch/Air  92%        N/A       1%          2
 Lesser Beckoning         Tloc           100%       N/A       1%          2
 Momentum Strike          Conj/Tloc      100%       3d10      1%          2
 Sublimation of Blood     Necr           59%        N/A       1%          2
 Gell's Gravitas          Tloc           76%        N/A       1%          3
 Teleport Other           Tloc           76%        N/A       1%          3
 Vampiric Draining        Necr           59%        2d10      1%          3
 Mercury Vapours          Alch/Air       74%        N/A       2%          2
 Foxfire                  Conj/Fire      100%       2x1d9     3%          1
 Sting                    Conj/Alch      96%        1d9       4%          1
 Swiftness                Air            37%        N/A       4%          3
 Dimensional Bullseye     Hex/Tloc       25%        N/A       4%          4
 Agony                    Necr           59%        N/A       4%          5
 Mephitic Cloud           Conj/Alch/Air  28%        N/A       9%          3
 Freeze                   Ice            44%        1d6       12%         1
 Slow                     Hex            44%        N/A       12%         1
 Summon Small Mammal      Summ           44%        N/A       12%         1
 Stone Arrow              Conj/Erth      48%        3d10      12%         3
 Ignite Poison            Fire/Alch      39%        N/A       12%         4
 Summon Forest            Summ/Tloc      25%        N/A       12%         5
 Anguish                  Hex/Necr       18%        N/A       14%         4
 Leda's Liquefaction      Alch/Erth      18%        N/A       14%         4
 Olgreb's Toxic Radiance  Alch           37%        N/A       14%         4
 Petrify                  Alch/Erth      37%        N/A       14%         4
 Borgnjor's Vile Clutch   Necr/Erth      25%        N/A       14%         5
 Call Imp                 Summ           22%        N/A       17%         2
 Ensorcelled Hibernation  Hex/Ice        22%        N/A       17%         2
 Jinxbite                 Hex            22%        N/A       17%         2
 Death Channel            Necr           29%        N/A       26%         6
 Flame Wave               Conj/Fire      26%        2d8       32%         4
 Call Canine Familiar     Summ           11%        N/A       34%         3
 Confusing Touch          Hex            11%        N/A       34%         3
 Dazzling Flash           Conj/Hex       22%        N/A       34%         3
 Frozen Ramparts          Ice            22%        1d4       34%         3
 Hailstorm                Conj/Ice       11%        3d6       34%         3
 Sigil of Binding         Hex            11%        N/A       34%         3
 Summon Guardian Golem    Hex/Summ       11%        N/A       34%         3
 Animate Armour           Summ/Erth      48%        N/A       38%         4
 Brom's Barrelling Bould  Conj/Erth      24%        2d5       38%         4
 Summon Lightning Spire   Summ/Air       24%        N/A       38%         4
 Alistair's Intoxication  Alch           24%        N/A       38%         5
 Lee's Rapid Deconstruct  Erth           18%        3d11*     38%         5
 Fireball                 Conj/Fire      13%        3d7       67%         5
 Disjunction              Tloc           38%        N/A       71%         8
 Cause Fear               Hex            5%         N/A       75%         4
 Summon Ice Beast         Ice/Summ       11%        N/A       75%         4
 Arcjolt                  Conj/Air       12%        1d22      75%         5
 Irradiate                Conj/Alch      12%        3d15      75%         5
 Silence                  Hex/Air        12%        N/A       75%         5
 Yara's Violent Unravell  Hex/Alch       12%        3d7       75%         5
 Freezing Cloud           Conj/Ice/Air   9%         6-21      85%         5
 Plasma Beam              Fire/Air       19%        2x1d31    88%         6
 Eringya's Noxious Bog    Alch           18%        4d6       92%         6
 Iskenderun's Battlesphe  Conj           11%        2d7       97%         5
 Metabolic Englaciation   Hex/Ice        5%         N/A       97%         5
 Malign Gateway           Summ/Tloc      25%        N/A       98%         7
 Conjure Ball Lightning   Conj/Air       12%        3x3d6     99%         6
 Starburst                Conj/Fire      13%        6d5       99%         6
 Summon Cactus Giant      Summ           5%         N/A       100%        6
 Enfeeble                 Hex            5%         N/A       100%        7
 Haunt                    Necr/Summ      18%        N/A       100%        7
 Orb of Destruction       Conj           5%         9d5       100%        7
 Ozocubu's Refrigeration  Ice            5%         4d8       100%        7
 Summon Hydra             Summ           5%         N/A       100%        7
 Borgnjor's Revivificati  Necr           29%        N/A       100%        8
 Discord                  Hex            5%         N/A       100%        8
 Infestation              Necr           29%        N/A       100%        8
 Lehudib's Crystal Spear  Conj/Erth      12%        10d4      100%        8
 Maxwell's Capacitive Co  Air            18%        ∞         100%        8
 Summon Horrible Things   Summ           5%         N/A       100%        8
 Death's Door             Necr           29%        N/A       100%        9
 Dragon's Call            Summ           5%         N/A       100%        9
 Polar Vortex             Ice            5%         N/A       100%        9
 Animate Dead             Necr           Unusable   N/A       N/A         4
 Simulacrum               Ice/Necr       Unusable   N/A       N/A         6

Dungeon Overview and Level Annotations

Branches:
Dungeon (15/15)            Temple (1/1) D:7            Lair (5/5) D:11
 Shoals (4/4) Lair:3        Snake (4/4) Lair:3        Slime (5/5) Lair:5
    Orc (2/2) D:12            Elf (3/3) Orc:2        Vaults (5/5) D:13
  Crypt (3/3) Vaults:3       Tomb (1/3) Crypt:3      Depths (4/4) D:15
   Hell (visited)             Dis (0/7) Hell            Geh (0/7) Hell
    Coc (0/7) Hell            Tar (0/7) Hell            Zot (5/5) Depths:4
Ossuary (visited)           IceCv (visited)          WizLab (visited)
Desolation (visited)

Altars:
Ashenzari
Cheibriados
Dithmenos
Elyvilon
Fedhas
Gozag
Hepliaklqana
Kikubaaqudgha
Makhleb
Nemelex Xobeh
Okawaru
Qazlal
Ru
Sif Muna
Trog
Uskayaw
Vehumet
Wu Jian
Xom
Yredelemnul
Zin
The Shining One

Shops:
D:4 !   D:10 [   D:13 *   D:15 ?   Orc:1 :   Orc:2 [([=*=   Elf:2 (
Shoals:2 [   Snake:3 ::=*   Vaults:2 *   Vaults:3 [(([   Vaults:5 (   Crypt:3 =
Depths:3 *?*

Portals:
Hell: Depths:1 Depths:2 Depths:3 Depths:4
Abyss: Depths:1 Depths:2 Depths:3
Pandemonium: Depths:1 Depths:2 Depths:4
Ziggurat: Depths:1

Annotations:
Elf:2 3 runed translucent doors


Innate Abilities, Weirdness & Mutations

Armour fits poorly on your strangely shaped body.
You have extremely tough skin. (AC +3)
You have a long armoured tail.
You regenerate magic and health when rolling toward enemies. (Rampage Regen)
Your natural rate of healing is unusually fast.
You occasionally shout uncontrollably at your foes.
You are occasionally teleported next to monsters.
You are vulnerable to cold. (rC-)


Message History

You resist. Ratael hits you.
Unknown command.
You miss Ratael.
Ratael is almost dead.
The sixfirhy is distracted by your dazzling golden aura.
You slice Ratael!!
You kill Ratael!
Your Fighting skill increases to level 24!
You roll towards the sixfirhy!
You slice the sixfirhy!!
The sixfirhy is no longer distracted by gold.
You tail-slap the sixfirhy.
The sixfirhy is severely wounded.
The ball lightning explodes!
The blast of lightning engulfs the sixfirhy.
The sixfirhy completely resists.
The blast of lightning engulfs you!! You resist.
You slice the sixfirhy!!
You kill the sixfirhy!
You now have 9328 gold pieces (gained 4).
A hell beast comes into view.
You roll towards the hell beast!
You slice the hell beast!!
Your tail-slap misses the hell beast.
The hell beast is moderately wounded.
You carve the hell beast like a ham!!!
The hell beast is almost dead.
You slice the hell beast like a ripe choko!!!
You kill the hell beast!
You now have 9343 gold pieces (gained 15).
Okay, then.
Blink to where?
Press: ? - help, Dir - move target
As you read the scroll of blinking, it crumbles to dust.
You open the door.
Blink to where?
Press: ? - help, Dir - move target
As you read the scroll of blinking, it crumbles to dust.
Blink to where?
Press: ? - help, Dir - move target
As you read the scroll of blinking, it crumbles to dust.
You have escaped!

#.# ###.#.#...§≈§§§≈≈≈§≈ #.#
#........§≈≈§§§≈§≈≈≈_
#.###.#.........≈≈§≈§≈≈≈§≈
#...............≈≈≈≈§≈≈≈≈≈# #
#.....#.........≈§§≈≈≈≈≈≈≈# ##
#..####.#.#.....≈≈≈≈≈§≈≈≈≈#
.###..# #.#.#......≈≈§§§§≈≈≈#
#.....####.#+#..##..≈≈≈≈≈≈§≈§#
[####.........#.@#...≈≈§≈≈≈≈≈#
##########...§........§≈.≈≈≈≈#
....# ##..........#....≈§.≈≈#
#...####.............§......≈#
......§'...................#.#
#...####.........####...##.#.#
.#..# ##.......## ##.###.#.#
.##.# ##.....## #.##....#
.##.# ##...## #..†....#


There were no monsters in sight!

Vanquished Creatures
  the Royal Jelly (Slime:5)
  Frederick (Crypt:1)
  An ancient lich (Vaults:5)
  2 orbs of fire
  A juggernaut (Depths:3)
  Xtahua (Vaults:2)
  Bai Suzhen (Crypt:1)
  Vv (Crypt:2)
  Saint Roka (Orc:2)
  Boris (Depths:4)
  Geryon (Hell)
  2 curse toes
  5 caustic shrikes
  A pandemonium lord (D:1)
  10 golden dragons
  Norris (Vaults:2)
  A mutant beast (WizLab)
  3 bone dragons
  2 electric golems (Zot:3)
  14 tentacled monstrosities
  Jorgrun (D:14)
  Zenata (Vaults:4)
  2 walking earthen tomes (Depths:3)
  6 Orb Guardians
  3 quicksilver dragons
  7 titans
  2 deep elf master archers (Elf:3)
  4 walking divine tomes
  8 liches
  A walking frostbound tome (Depths:3)
  8 krakens
  3 Executioners
  Polyphemus (Shoals:3)
  18 sphinxes
  9 ancient champions
  5 death cobs
  16 acid blobs
  11 tentacled starspawn
  11 storm dragons
  The ghost of Ufav Mom the Severer, an adept HOMo of the Shining One (Snake:3)
  6 revenants
  7 azure jellies (Slime:5)
  Aizul (Snake:4)
  A tengu reaver (Vaults:5)
  15 nagarajas
  Donald (Snake:1)
  8 draconian knights
  12 rockslimes
  7 iron dragons
  12 shadow dragons
  11 fire giants
  4 deep elf sorcerers (Elf:3)
  3 draconian scorchers
  12 vault wardens
  6 draconian monks
  A protean progenitor (Zot:1)
  8 draconian shifters
  14 frost giants
  A caustic shrike zombie (Crypt:1)
  2 imperial myrmidons (Desolation)
  4 orc warlords
  2 balrugs
  2 ghost moths
  6 deep elf elementalists (Elf:3)
  4 curse skulls
  2 spriggan defenders (Depths:3)
  10 ghouls
  6 draconian stormcallers
  7 draconian annihilators
  4 reapers
  An angel (D:15)
  30 very ugly things
  6 ironbound thunderhulks
  A cacodemon (Hell)
  18 ironbound preservers
  A juggernaut skeleton (Crypt:3)
  13 quicksilver oozes
  3 war gargoyles
  26 stone giants
  6 formless jellyfish
  12 vampire knights
  3 starflowers (Abyss:3)
  3 deep elf demonologists (Elf:3)
  11 black draconians
  6 green draconians
  9 deep elf annihilators
  7 red draconians
  11 deep elf death magi
  11 purple draconians
  12 white draconians
  Azrael (D:14)
  4 spark wasps
  18 starcursed masses
  8 dire elephants
  14 yellow draconians
  3 eidola
  3 halazid warlocks (Desolation)
  5 blizzard demons
  22 ettins
  7 jiangshi
  2 crystal guardians (Desolation)
  Snorg (D:13)
  4 mummy priests
  4 merfolk javelineers
  2 ragged hierophants (Desolation)
  18 fire dragons
  A green death (Hell)
  2 entropy weavers
  Fannar (D:12)
  3 deep elf high priests (Elf:3)
  10 merfolk impalers
  12 yaktaur captains
  9 rakshasas
  19 vault guards
  14 ice dragons
  2 hell beasts
  5 hydras
  2 quicksilver dragon skeletons
  A salamander tyrant (Snake:4)
  7 great orbs of eyes
  3 servants of whispers (Desolation)
  3 catoblepae
  3 merfolk avatars
  4 spriggan air magi
  A sphinx zombie (D:15)
  9 peacekeepers
  8 ironbound frosthearts
  14 anacondas
  2 ogre magi (Vaults:5)
  10 centaur warriors
  2 alligator snapping turtles
  4 radroaches (WizLab)
  7 boulder beetles
  An anaconda (shapeshifter) (Abyss:2)
  A death knight (Crypt:1)
  10 dancing weapons
  4 spriggan skeletons
  6 tengu warriors
  2 merfolk aquamancers
  A two-headed ogre (shapeshifter) (WizLab)
  A two-headed ogre (D:9)
  6 deep troll shamans
  13 death yaks
  14 naga warriors
  A titan zombie (Crypt:3)
  10 deep troll earth magi
  4 shock serpents
  The ghost of t4s4d4r the Destroyer, a novice DgEE (D:9)
  2 demonic crawlers
  6 satyrs
  10 hell hogs
  2 occultists
  8 spriggan berserkers
  7 soul eaters
  8 vampire magi
  7 orc high priests
  5 deep elf knights
  5 thrashing horrors
  7 sun demons
  A storm dragon zombie (Vaults:4)
  9 naga sharpshooters
  8 hell knights
  A spatial maelstrom (Abyss:2)
  8 iron trolls
  Amaemon (D:9)
  17 skeletal warriors
  An iron giant zombie (Crypt:1)
  9 skysharks
  6 shadow wraiths
  A sixfirhy (D:1)
  7 wretched stars
  Lodul (D:13)
  4 salamander mystics
  6 flayed ghosts
  62 deep trolls
  3 anaconda zombies (Hell)
  A glowing orange brain (shapeshifter) (WizLab)
  A shadow dragon zombie (Crypt:3)
  6 sea snakes
  An orange crystal statue (IceCv)
  2 glowing orange brains
  3 orb spiders (shapeshifter)
  4 shadow demons
  A swamp dragon (shapeshifter) (WizLab)
  A sun moth (shapeshifter) (WizLab)
  2 steelbarb worms (shapeshifter)
  A swamp dragon (Lair:5)
  A sun moth (Shoals:4)
  2 bunyip zombies
  9 phantasmal warriors
  4 deep elf archers
  6 naga ritualists
  A bunyip skeleton (Tomb:1)
  7 lindwurms
  14 harpies
  13 ironbound convokers
  15 necromancers
  9 arcanists
  A bog body (Crypt:2)
  An obsidian statue (Snake:3)
  14 orc knights
  An anaconda skeleton (Hell)
  17 deep elf pyromancers
  A harpy (shapeshifter) (D:12)
  2 goliath frog zombies
  2 orc sorcerers (Vaults:1)
  3 mana vipers (shapeshifter) (WizLab)
  23 large abominations
  10 mana vipers
  2 wolf spiders (shapeshifter) (WizLab)
  19 deep elf zephyrmancers
  45 ugly things
  A tengu skeleton (Vaults:4)
  A shining eye (shapeshifter) (Abyss:2)
  7 shining eyes
  15 manticores
  Maurice (D:7)
  A frost giant zombie (Crypt:3)
  An oklob plant (Abyss:3)
  3 fauns (shapeshifter)
  A will-o-the-wisp (Abyss:2)
  A moth of wrath (shapeshifter) (Vaults:3)
  16 fauns
  A worldbinder (Abyss:2)
  12 elephants
  A manticore (shapeshifter) (WizLab)
  20 moths of wrath
  9 salamanders
  11 vault sentinels
  4 cyclopes
  24 black mambas
  5 rust devils
  3 eyes of devastation (shapeshifter)
  A human skeleton (Crypt:1)
  17 naga magi
  8 water nymphs
  5 eyes of devastation
  2 kobold blastminers (Orc:1)
  6 merfolk sirens
  Joseph (Lair:1)
  A molten gargoyle (Desolation)
  3 stone giant skeletons
  An apocalypse crab (Abyss:2)
  2 dire elephant zombies
  2 alligator snapping turtle zombies
  A torpor snail (Lair:5)
  4 smoke demons
  12 guardian serpents
  A torpor snail (shapeshifter) (WizLab)
  2 water nymphs (shapeshifter)
  2 black mambas (shapeshifter)
  10 cane toads
  An emperor scorpion simulacrum (Crypt:1)
  A guardian serpent (shapeshifter) (Vaults:5)
  A kobold demonologist (D:11)
  3 orange demons
  A dire elephant skeleton (Crypt:2)
  A hellion (Depths:4)
  Maggie (D:9)
  A death yak zombie (Crypt:1)
  A centaur skeleton (Crypt:1)
  2 yaktaur zombies
  7 unseen horrors
  A sea snake zombie (Hell)
  10 freezing wraiths
  12 komodo dragons
  20 rime drakes
  An elephant slug zombie (Crypt:3)
  A yaktaur (shapeshifter) (WizLab)
  A catoblepas zombie (Crypt:2)
  Jeremiah (D:9)
  4 efreet
  27 yaktaurs
  Psyche (D:10)
  A tormentor (Depths:1)
  2 yaktaur skeletons
  An ice devil (Hell)
  5 tengu conjurers
  A minotaur skeleton (Crypt:1)
  A wind drake (shapeshifter) (Vaults:5)
  11 guardian mummies
  A merfolk (shapeshifter) (WizLab)
  A troll (shapeshifter) (D:13)
  3 trolls
  4 hellwings
  25 merfolk
  A hydra zombie (Hell)
  A meliai (shapeshifter) (WizLab)
  5 wind drakes
  3 harpy zombies
  A queen bee (Lair:2)
  2 wolf spider simulacra
  6 hornets
  3 tyrant leeches (D:14)
  18 polar bears
  2 harpy skeletons
  A death drake zombie (Crypt:2)
  5 raiju (Abyss:2)
  15 blink frogs
  A sun moth zombie (Crypt:1)
  2 glass eyes (shapeshifter)
  A guardian serpent zombie (Crypt:2)
  39 saltlings (Desolation)
  22 dream sheep
  12 snapping turtles
  An ettin zombie (Vaults:4)
  13 glass eyes
  4 spriggan zombies
  2 stone giant simulacra
  3 spriggans (Depths:1)
  A human simulacrum (Vaults:4)
  2 centaur simulacra (D:15)
  88 slime creatures
  An ice dragon skeleton (Crypt:1)
  19 water elementals
  An air elemental (Elf:3)
  A wind drake zombie (Crypt:1)
  3 black mamba zombies (Crypt:1)
  72 yaks
  2 vampires (D:14)
  A shadow (D:11)
  An ushabti (Tomb:1)
  7 wyverns
  A ynoxinul (Abyss:2)
  17 fire elementals
  19 humans
  12 wraiths
  10 basilisks
  3 wargs
  15 small abominations
  An elf skeleton (Vaults:4)
  A tyrant leech zombie (Crypt:2)
  2 iron golems
  A neqoxec (D:1)
  3 steam dragons
  Grum (D:9)
  2 redbacks (Vaults:1)
  5 vampire mosquitoes
  A sea snake simulacrum (Hell)
  Menkaure (D:7)
  5 chaos spawn
  2 redbacks (shapeshifter)
  A demonspawn zombie (Crypt:1)
  A harpy simulacrum (D:15)
  A human zombie (Vaults:4)
  3 swamp worms (shapeshifter)
  A faun zombie (Crypt:1)
  45 nagas
  10 water moccasins
  6 hell hounds
  2 sky beasts
  4 acid dragons
  A deep troll skeleton (Crypt:3)
  A glowing shapeshifter skeleton (Vaults:4)
  3 swamp drakes (Lair:5)
  2 naga skeletons
  2 meliai simulacra (D:15)
  13 ogres
  An ice beast (D:15)
  38 orc warriors
  2 black bears
  A black bear (shapeshifter) (Depths:2)
  22 wolves
  A phantom (D:5)
  13 centaurs
  A rime drake skeleton (Crypt:1)
  A kobold brigand (D:9)
  A salamander skeleton (Crypt:2)
  A gnoll sergeant (D:10)
  A brain worm (Abyss:2)
  10 bullfrogs
  7 necrophages
  2 scorpions (D:4)
  A warg skeleton (Crypt:3)
  3 earth elementals
  12 wights
  41 killer bees
  2 howler monkeys
  A shapeshifter skeleton (Crypt:2)
  A quasit (Abyss:2)
  5 centaur zombies
  8 hounds
  2 jellies
  A gnoll bouda (D:5)
  35 orc priests
  A sleepcap (D:6)
  7 iguanas
  A basilisk skeleton (Crypt:3)
  Terence (D:3)
  21 orc wizards
  A boggart skeleton (Crypt:1)
  2 boggart simulacra (D:15)
  13 mummies
  14 gnolls
  8 adders
  A bombardier beetle (shapeshifter) (WizLab)
  2 bombardier beetles (D:5)
  3 ufetubi
  2 adder zombies (Ossuary)
  An adder skeleton (Crypt:3)
  A worm (D:3)
  3 dart slugs
  75 orcs
  A bat zombie (Crypt:2)
  2 endoplasms
  2 giant cockroaches
  3 goblins
  4 hobgoblins
  6 jackals
  3 quokkas
  3 ball pythons
  3 bats
  A frilled lizard (D:2)
  2 goblin zombies (Ossuary)
  8 hobgoblin zombies (Ossuary)
  2 jackal zombies (Ossuary)
  12 kobolds
  12 kobold zombies (Ossuary)
  7 orc zombies (Ossuary)
  A quokka skeleton (Crypt:2)
  6 rats
  2 rat zombies (Ossuary)
  A creeping inferno (Hell)
  A fire vortex (Hell)
  A lurking horror (Abyss:2)
  9 starspawn tentacles
  18 tentacles
2759 creatures vanquished.

Vanquished Creatures (collateral kills)
  A dread lich (Vaults:5)
  Vashnia (Snake:2)
  2 Orb Guardians (Zot:5)
  A quicksilver dragon (Vaults:5)
  2 shadow dragons (Vaults:5)
  2 tengu reavers (Vaults:5)
  A vault warden (Vaults:5)
  A stone giant (Vaults:5)
  A deep elf annihilator (Vaults:5)
  A yaktaur captain (Vaults:5)
  2 vault guards (Vaults:5)
  An ogre mage (Vaults:5)
  A naga sharpshooter (Snake:2)
  A vampire mage (Crypt:2)
  A moth of wrath (Zot:5)
  A vault sentinel (Vaults:5)
  A naga (Snake:4)
  A human simulacrum (Vaults:5)
22 creatures vanquished.

Vanquished Creatures (others)
  A dread lich (Vaults:5)
  An ancient lich (Vaults:5)
  An orb of fire (Zot:5)
  A Killer Klown (Zot:5)
  An electric golem (Zot:5)
  4 Orb Guardians (Zot:5)
  2 liches (Vaults:5)
  A titan (Vaults:5)
  A tengu reaver (Vaults:5)
  A protean progenitor (Zot:5)
  2 fire giants (Vaults:5)
  A draconian knight (Zot:2)
  A deep elf sorcerer (Vaults:5)
  An iron dragon (Vaults:5)
  3 vault wardens (Vaults:5)
  A draconian annihilator (Zot:5)
  A stone giant (Vaults:5)
  2 ironbound preservers (Vaults:5)
  A black draconian (Zot:3)
  A deep elf annihilator (Vaults:5)
  A purple draconian (Zot:5)
  A red draconian (Zot:2)
  2 ettins (Vaults:5)
  2 deep elf high priests (Vaults:5)
  A ragged hierophant (Desolation)
  A yaktaur captain (Vaults:5)
  14 vault guards (Vaults:5)
  2 ogre magi (Vaults:5)
  A boulder beetle (Zot:1)
  2 two-headed ogres (Vaults:5)
  A deep troll earth mage (Vaults:5)
  2 deep elf knights
  An ironbound convoker (Vaults:5)
  2 phantasmal warriors (Vaults:5)
  A deep elf zephyrmancer (Elf:2)
  A deep elf pyromancer (Elf:2)
  A necromancer (Vaults:5)
  A guardian serpent (Desolation)
  5 yaktaurs (Vaults:5)
  A centaur simulacrum (D:14)
  A water elemental (Hell)
  A naga (Snake:3)
  2 ogres (Vaults:5)
  A glowing shapeshifter simulacrum (Vaults:5)
  A wight (Abyss:3)
  A ball lightning (D:1)
  16 starspawn tentacles
  53 tentacles
147 creatures vanquished.

Grand Total: 2928 creatures vanquished

Notes
Turn   | Place    | Note
-------+----------+-------------------------------------------
     0 | D:1      | jt the Armataur Cinder Acolyte began the quest for the Orb.
     0 | D:1      | Reached XP level 1. HP: 18/18 MP: 2/2
    21 | D:1      | Found an ornate altar of the Wu Jian Council.
   205 | D:1      | Reached skill level 1 in Stealth
   305 | D:1      | Reached XP level 2. HP: 25/25 MP: 3/3
   308 | D:1      | Learned a level 2 spell: Scorch
  1219 | D:1      | Reached XP level 3. HP: 30/30 MP: 4/4
  1473 | D:2      | Found Oloch's Distillery.
  1477 | D:2      | Bought a potion of degeneration for 14 gold pieces
  1551 | D:2      | Reached XP level 4. HP: 24/37 MP: 1/5
  1636 | D:2      | Reached skill level 1 in Shields
  2148 | D:3      | Found an opulent altar of Gozag.
  2159 | D:3      | Reached skill level 2 in Shields
  2248 | D:3      | Found an iron altar of Okawaru.
  2248 | D:3      | Found a glowing silver altar of Zin.
  2249 | D:3      | Found a burning altar of Makhleb.
  2339 | D:3      | Reached XP level 5. HP: 31/31 MP: 6/6
  2366 | D:3      | Noticed Terence
  2872 | D:3      | Killed Terence
  2962 | D:4      | Found Haro's Distillery.
  2975 | D:4      | Bought a potion of heal wounds for 60 gold pieces
  2983 | D:4      | Identified the +3 leather armour "Zecuzor" {Str+2}
  3024 | D:4      | Found a sand-covered staircase.
  3037 | Ossuary  | Entered an ossuary
  3055 | Ossuary  | Reached skill level 3 in Shields
  3137 | Ossuary  | Reached XP level 6. HP: 40/49 MP: 7/7
  3374 | D:4      | Reached skill level 5 in Axes
  3374 | D:4      | Reached skill level 4 in Shields
  3528 | D:4      | Found a sacrificial altar of Ru.
  3618 | D:4      | Gained mutation: You regenerate magic and health when
                  | rolling toward enemies. (Rampage Regen) [Armataur growth]
  3618 | D:4      | Reached XP level 7. HP: 56/56 MP: 4/8
  3758 | D:4      | Found a shimmering blue altar of Sif Muna.
  3765 | D:4      | Reached skill level 5 in Shields
  4156 | D:5      | Entered Level 5 of the Dungeon
  4668 | D:5      | Reached skill level 1 in Armour
  5080 | D:5      | Reached skill level 1 in Dodging
  5089 | D:5      | Reached skill level 1 in Evocations
  5499 | D:5      | Found an ancient bone altar of Kikubaaqudgha.
  5597 | D:6      | Found a stormy altar of Qazlal.
  5606 | D:6      | Reached XP level 8. HP: 62/62 MP: 4/9
  5766 | D:6      | Reached skill level 6 in Shields
  6258 | D:6      | Found a blossoming altar of Fedhas.
  6259 | D:6      | Identified the +9 quarterstaff of Worrekil {protect, *Noise
                  | rElec Str+3}
  6758 | D:6      | Reached XP level 9. HP: 28/68 MP: 7/10
  7521 | D:7      | Found a radiant altar of Vehumet.
  7575 | D:7      | Noticed Menkaure
  7583 | D:7      | Killed Menkaure
  7705 | D:7      | Found a staircase to the Ecumenical Temple.
  7721 | Temple   | Entered the Ecumenical Temple
  7910 | D:4      | Bought a potion of curing for 36 gold pieces
  7910 | D:4      | Bought a potion of lignification for 36 gold pieces
  7910 | D:4      | Bought a potion of mutation for 96 gold pieces
  7910 | D:4      | Bought a potion of enlightenment for 60 gold pieces
  8091 | D:7      | You are sucked into a shaft and drop 2 floors!
  8379 | D:8      | Found a broken altar of Ashenzari.
  8623 | D:7      | Noticed Maurice
  8632 | D:7      | Maurice stole the +9 quarterstaff of Worrekil {protect,
                  | *Noise rElec Str+3}
  8633 | D:7      | Killed Maurice
  8772 | D:8      | Reached skill level 5 in Fire Magic
  9229 | D:8      | Reached XP level 10. HP: 74/74 MP: 7/14
  9557 | D:8      | Paralysed by a hornet for 3 turns
  9729 | D:8      | Identified a scroll of acquirement
  9729 | D:8      | Acquired a +1 vampiric broad axe
 10135 | D:9      | Noticed a two-headed ogre
 10136 | D:9      | Noticed Grum
 10139 | D:9      | Noticed Maggie
 10168 | D:9      | Killed Maggie
 10173 | D:9      | Killed a two-headed ogre
 10174 | D:9      | Reached skill level 10 in Axes
 10177 | D:9      | Noticed Jeremiah
 10179 | D:9      | Killed Grum
 10216 | D:9      | Killed Jeremiah
 10318 | D:9      | Reached skill level 5 in Evocations
 10577 | D:9      | Noticed Amaemon
 10577 | D:9      | Noticed an orange demon
 10857 | D:10     | Entered Level 10 of the Dungeon
 11172 | D:9      | Found a large runed translucent door.
 11173 | D:9      | Found a large runed translucent door.
 11176 | D:9      | Noticed t4s4d4r's ghost (novice DgEE)
 11291 | D:9      | Found a hazy altar of Hepliaklqana.
 11413 | D:9      | Reached XP level 11. HP: 72/81 MP: 15/15
 11951 | D:10     | Found a sparkling altar of Nemelex Xobeh.
 12259 | D:10     | Noticed Psyche
 12272 | D:10     | Killed Psyche
 12529 | D:10     | Found Piers Shonks's Dragon-Slaying Spoils.
 12769 | D:11     | Noticed a six-headed hydra
 13509 | D:12     | a centaur changed into a harpy
 13509 | D:12     | Noticed a harpy (shapeshifter)
 13515 | D:12     | Killed a harpy
 13745 | D:12     | Noticed a skeletal warrior
 13794 | D:12     | Killed a skeletal warrior
 13854 | D:12     | Found a staircase to the Orcish Mines.
 13865 | Orc:1    | Entered Level 1 of the Orcish Mines
 13865 | Orc:1    | Found Kotafyno's Book Shoppe.
 14005 | D:12     | Noticed Fannar
 14038 | D:12     | Killed Fannar
 14343 | D:12     | Noticed a skeletal warrior
 14461 | D:11     | Killed a one-headed hydra
 14659 | D:11     | Found the +2 shield of Resistance {rF++ rC++ Will++}
 14664 | D:11     | Reached XP level 12. HP: 84/88 MP: 16/16
 15008 | D:11     | Found a staircase to the Lair.
 15288 | Lair:1   | Entered Level 1 of the Lair of Beasts
 15300 | Lair:1   | Reached skill level 7 in Shields
 15447 | Lair:1   | Noticed Joseph
 15455 | Lair:1   | Noticed a death yak
 15458 | Lair:1   | Reached skill level 8 in Shields
 15459 | Lair:1   | Killed Joseph
 15461 | Lair:1   | Noticed a death yak
 15463 | Lair:1   | Noticed a death yak
 15464 | Lair:1   | Noticed a death yak
 15465 | Lair:1   | Noticed a death yak
 15471 | Lair:1   | Killed a death yak
 15479 | Lair:1   | Killed a death yak
 15486 | Lair:1   | Reached skill level 9 in Shields
 15490 | Lair:1   | Killed a death yak
 15492 | Lair:1   | Killed a death yak
 15493 | Lair:1   | Killed a death yak
 15591 | Lair:1   | Reached skill level 15 in Axes
 15597 | Lair:1   | Reached skill level 10 in Shields
 16231 | Lair:1   | Reached XP level 13. HP: 61/93 MP: 17/17
 16732 | Lair:2   | Reached skill level 11 in Shields
 17838 | Lair:3   | Reached skill level 12 in Shields
 17878 | Lair:3   | Found a staircase to the Shoals.
 18320 | Lair:3   | Found a staircase to the Snake Pit.
 19330 | Lair:4   | Reached skill level 13 in Shields
 19786 | Lair:5   | Entered Level 5 of the Lair of Beasts
 19992 | Lair:4   | Reached XP level 14. HP: 49/100 MP: 15/18
 20309 | Lair:5   | Found a staircase to the Slime Pits.
 21092 | Lair:5   | Reached skill level 14 in Shields
 22664 | D:12     | Reached skill level 15 in Shields
 22828 | Orc:1    | Bought a book of Spatial Translocations for 270 gold pieces
 22831 | Orc:1    | Learned a level 2 spell: Blink
 23091 | Orc:2    | Entered Level 2 of the Orcish Mines
 23091 | Orc:2    | Found a staircase to the Elven Halls.
 23203 | Orc:2    | Noticed Saint Roka
 23223 | Orc:2    | Killed Saint Roka
 23224 | Orc:2    | Reached skill level 1 in Translocations
 23283 | Orc:2    | Found a flickering gateway to a bazaar.
 23291 | Orc:2    | Found Jamomp's Armour Boutique.
 23522 | Bazaar   | Entered a bazaar
 23526 | Bazaar   | Found Danaimn's Weapon Boutique.
 23548 | Bazaar   | Found Mujac's Distillery.
 23569 | Bazaar   | Found Weugyrch's Book Boutique.
 23589 | Bazaar   | Found Kitur's Antique Armour Shoppe.
 23631 | Bazaar   | Bought a runed barding for 676 gold pieces
 23703 | Bazaar   | Bought a book of Lightning for 396 gold pieces
 23718 | Bazaar   | Bought 2 potions of cancellation for 176 gold pieces
 23718 | Bazaar   | Bought a potion of haste for 110 gold pieces
 23718 | Bazaar   | Bought a potion of curing for 33 gold pieces
 23718 | Bazaar   | Bought a potion of heal wounds for 55 gold pieces
 24226 | Orc:2    | Found Conol's Jewellery Boutique.
 24259 | Orc:2    | Reached XP level 15. HP: 94/103 MP: 19/19
 25144 | Orc:2    | Reached skill level 5 in Armour
 25163 | Orc:2    | Found Toush's General Store.
 25163 | Orc:2    | Found Kelakkigi's Antique Weapon Shoppe.
 25164 | Orc:2    | Found Noen's Jewellery Emporium.
 25164 | Orc:2    | Found Deydaen's Antique Armour Shoppe.
 25584 | Snake:1  | Entered Level 1 of the Snake Pit
 25877 | Shoals:1 | Entered Level 1 of the Shoals
 26567 | D:13     | Found Ahaskuy's Assorted Antiques.
 26576 | D:13     | Bought a wooden wand for 108 gold pieces
 26651 | D:13     | Noticed Lodul
 26660 | D:13     | Killed Lodul
 26688 | D:13     | Reached skill level 16 in Shields
 26698 | D:13     | Reached skill level 5 in Translocations
 27006 | D:13     | Noticed Snorg
 27024 | D:13     | Killed Snorg
 27244 | D:13     | Found a gate to the Vaults.
 27702 | D:14     | Noticed Azrael
 27723 | D:14     | Killed Azrael
 28017 | D:14     | Noticed Jorgrun
 28045 | D:14     | Killed Jorgrun
 28484 | D:14     | Found the +8 Vampire's Tooth {megavamp}
 29053 | Snake:1  | Reached skill level 17 in Shields
 29068 | Snake:1  | Reached XP level 16. HP: 94/112 MP: 10/20
 29098 | Snake:1  | Noticed Donald
 29121 | Snake:1  | Killed Donald
 29390 | Snake:1  | Reached skill level 10 in Armour
 29476 | Snake:1  | Acquired the +1 cloak of Starlight {*Dazzle EV+4 Stlth--}
 29476 | Snake:1  | Found the +1 cloak of Starlight {*Dazzle EV+4 Stlth--}
 30724 | Snake:2  | Noticed Vashnia
 30832 | Snake:3  | Found a runed translucent gate.
 30832 | Snake:3  | Found a runed translucent gate.
 30832 | Snake:3  | Found a runed translucent gate.
 30844 | Snake:3  | Found an opulent altar of Gozag.
 30844 | Snake:3  | Found Saujuk's Assorted Antiques.
 30845 | Snake:3  | Noticed Ufav Mom's ghost (adept HOMo)
 30899 | Snake:3  | Reached skill level 18 in Shields
 31093 | Snake:3  | Found a frozen archway.
 31119 | IceCv    | Entered an ice cave
 32016 | IceCv    | Reached skill level 5 in Fighting
 32220 | IceCv    | Reached XP level 17. HP: 126/126 MP: 15/21
 32300 | Snake:3  | Found Usefoa's Book Shoppe.
 32328 | Snake:3  | Found Qungiv's Jewellery Shop.
 32330 | Snake:3  | Found Cenivuol's Book Shoppe.
 33493 | Snake:4  | Entered Level 4 of the Snake Pit
 33720 | Snake:4  | HP: 4/128 [constriction (4)]
 35341 | D:3      | Fell from the grace of Ignis
 35341 | D:3      | Became a worshipper of Gozag Ym Sagoz the Greedy
 35623 | D:9      | Killed t4s4d4r's ghost
 35630 | D:9      | Identified the orb of Duty {mayhem, rElec Will+}
 35707 | D:9      | Killed Amaemon
 35905 | Shoals:2 | Found Danumy's Armour Shop.
 35911 | Shoals:2 | Reached skill level 19 in Shields
 36334 | Shoals:4 | Entered Level 4 of the Shoals
 36691 | Shoals:4 | Noticed a kraken
 37023 | Shoals:2 | You fall into a shaft and drop 1 floor!
 37811 | Shoals:4 | Killed a kraken
 37947 | Shoals:4 | Got a barnacled rune of Zot
 38071 | Shoals:4 | Reached XP level 18. HP: 141/141 MP: 18/22
 39941 | Shoals:3 | Identified the +12 hand axe of the Threshing Ass {holy, rN+
                  | Str-2 Int+3 SInv}
 40111 | Shoals:3 | Noticed Polyphemus
 40138 | Shoals:3 | Killed Polyphemus
 42215 | Snake:4  | Identified the +5 plate armour "Sofys" {^Contam Fly rPois
                  | Str+4}
 42539 | Snake:4  | Identified the serpent talisman of the Kappa {+Blink rC+
                  | Str-3}
 42539 | Snake:4  | Noticed Aizul
 42572 | Snake:4  | Killed Aizul
 42698 | Snake:4  | Was forgiven by Ignis
 43079 | Snake:4  | Reached skill level 20 in Shields
 43110 | Snake:4  | Reached skill level 15 in Armour
 43405 | Snake:4  | Reached skill level 5 in Dodging
 43550 | Snake:4  | Got a serpentine rune of Zot
 43972 | Snake:3  | Bought an amulet of reflection for 570 gold pieces
 44332 | Snake:2  | Killed Vashnia
 44705 | Vaults:1 | Entered Level 1 of the Vaults
 45013 | Vaults:1 | Reached skill level 10 in Fighting
 45038 | Vaults:1 | Reached XP level 19. HP: 154/154 MP: 0/23
 47048 | Vaults:2 | Noticed Xtahua
 47081 | Vaults:2 | Killed Xtahua
 47082 | Vaults:2 | Reached skill level 5 in Stealth
 47159 | Vaults:2 | Found a crumbling gateway.
 47232 | Desolati | Entered the Desolation of Salt
 47988 | Desolati | Found the +7 captain's cutlass {speed, disarm}
 48089 | Desolati | Got the Omnibus of Striking and Hoarfrost
 48171 | Desolati | Identified the +9 plate armour "Nyobesoo" {Regen+}
 48229 | Desolati | Reached skill level 10 in Stealth
 49070 | D:13     | Bought a transparent broad axe for 243 gold pieces
 49070 | D:13     | Identified the +12 broad axe of the Winnowing Madman {pain,
                  | rCorr} (You bought it in a shop on level 13 of the Dungeon)
 49562 | Vaults:2 | Bought a manual of Shields for 1600 gold pieces
 49657 | Vaults:2 | Reached skill level 21 in Shields
 49795 | Vaults:2 | Noticed Norris
 49818 | Vaults:2 | Killed Norris
 50118 | Vaults:2 | Reached XP level 20. HP: 160/163 MP: 6/24
 50925 | Vaults:2 | Reached skill level 22 in Shields
 51107 | Vaults:3 | Found Xaom's Weapon Shop.
 51516 | Vaults:3 | Found a staircase to the Crypt.
 51578 | Vaults:3 | Found Aclua's Armour Shop.
 51876 | Vaults:3 | Found Usiatul's Weapon Shop.
 51885 | Vaults:3 | Found Lotsapia's Antique Armour Shop.
 52844 | D:10     | Bought the +5 storm dragon scales of Uluamemy {rElec rPois
                  | rF- rN++} for 1248 gold pieces
 52941 | Elf:1    | Entered Level 1 of the Elven Halls
 52998 | Elf:1    | Found a radiant altar of Vehumet.
 53172 | Elf:1    | Reached skill level 23 in Shields
 53193 | Elf:1    | Got the Opusculum on Percussion
 53460 | Elf:1    | Identified the +1 war axe "Jilan" {antimagic, rN+ SInv}
 54101 | Elf:2    | Found Biapyteu's Antique Weapon Shoppe.
 54333 | Elf:2    | Found a runed translucent gate.
 54334 | Elf:2    | Found a runed translucent gate.
 54334 | Elf:2    | Found a runed translucent gate.
 54366 | Elf:3    | Entered Level 3 of the Elven Halls
 54475 | Elf:3    | Found a flickering gateway to a bazaar.
 54491 | Bazaar   | Entered a bazaar
 54491 | Bazaar   | Found Lirhy's General Store.
 54491 | Bazaar   | Found Nybromm's Magic Scroll Shop.
 54526 | Bazaar   | Found Ypreteet's Assorted Antiques.
 54534 | Bazaar   | Found Jeloud's Distillery.
 54545 | Bazaar   | Found Sugalec's Armour Boutique.
 54580 | Bazaar   | Bought a +1 helmet of see invisible for 132 gold pieces
 54580 | Bazaar   | Bought a potion of heal wounds for 40 gold pieces
 54601 | Bazaar   | Bought a scroll of enchant weapon for 105 gold pieces
 54601 | Bazaar   | Bought a scroll of revelation for 105 gold pieces
 54601 | Bazaar   | Bought a scroll of revelation for 105 gold pieces
 54601 | Bazaar   | Bought a scroll of immolation for 56 gold pieces
 54601 | Bazaar   | Bought a scroll of teleportation for 42 gold pieces
 54630 | Bazaar   | Bought a potion of curing for 27 gold pieces
 54630 | Bazaar   | Bought a potion of haste for 90 gold pieces
 54630 | Bazaar   | Bought a potion of ambrosia for 72 gold pieces
 54638 | Bazaar   | Bought a scroll of enchant weapon for 135 gold pieces
 55128 | Elf:3    | Identified the +6 lajatang of Valiance {heavy, rPois}
 55203 | Elf:3    | Reached XP level 21. HP: 159/172 MP: 1/25
 55286 | Elf:3    | Reached skill level 24 in Shields
 55641 | Elf:3    | Identified the +0 plate armour of the Beloved Unicorn
                  | {rElec rF+ Int+2}
 55641 | Elf:3    | Identified the ring of Sif Muna's Pride {rF+ rC+ Int+4
                  | Dex-3}
 55654 | Elf:3    | Identified the +6 quarterstaff of Impermanence {venom,
                  | rElec rCorr Dex+3}
 55654 | Elf:3    | Identified the ring of Suim {^Drain rPois rF+ Dex+6}
 55654 | Elf:3    | Identified the amulet "Moghot" {RegenMP Fly Int+2}
 55912 | Elf:3    | Got the Atlas of the Jaunt
 55918 | Elf:3    | Identified the amulet of Nedecouw {Regen+ Stlth+}
 55926 | Elf:3    | Identified the ring of Eternal Harmony {Will+ Str+3}
 55983 | Elf:3    | Identified the +0 cloak of Kobiugur {Harm Rampage Regen+
                  | Dex-2}
 55997 | Elf:3    | Identified the amulet "Nouh" {Spirit Slay+2}
 56056 | Elf:3    | Identified the +0 plate armour of Slovenliness {*Corrode
                  | rPois Int+2 Dex+2}
 56634 | Vaults:4 | Noticed Zenata
 56644 | Vaults:4 | Killed Zenata
 57194 | Vaults:4 | Found a gateway to a bazaar.
 57585 | Vaults:4 | Reached skill level 25 in Shields
 58126 | Vaults:4 | Identified the ring of the Moon {rPois MP+9 Str-2 Dex+3
                  | Slay+4}
 58653 | D:15     | Entered Level 15 of the Dungeon
 58752 | D:15     | Found a staircase to the Depths.
 58920 | D:15     | Identified the +0 leather armour "Ujamnui" {Str+5}
 59032 | D:15     | Found Losugaal's Magic Scroll Shop.
 59040 | D:15     | Bought a scroll of teleportation for 36 gold pieces
 59486 | Depths:1 | Entered Level 1 of the Depths
 59489 | Depths:1 | Noticed a golden dragon
 59513 | Depths:1 | Killed a golden dragon
 59596 | Depths:1 | Found a gateway to Hell.
 59622 | Depths:1 | Found a one-way gateway to a ziggurat.
 59722 | Depths:1 | Found the +1 robe of Vines {NoPotionHeal Regen++++}
 59723 | Depths:1 | Noticed a caustic shrike
 59747 | Depths:1 | Killed a caustic shrike
 59806 | Depths:1 | Reached XP level 22. HP: 171/188 MP: 23/26
 59914 | Depths:1 | Found a magical portal.
 59926 | WizLab   | Entered Cigotuvi's Fleshworks
 60895 | WizLab   | Identified the ring of Usutihoh {Ice Str+2 Dex+2}
 60967 | WizLab   | Got Cigotuvi's Tome of Toxicity and Last Rites
 61255 | Depths:1 | Gained mutation: Your health recovers twice as slowly from
                  | being drained. [a shining eye]
 61419 | Depths:1 | Found a one-way gate leading to the halls of Pandemonium.
 61675 | Depths:1 | Found a one-way gate to the infinite horrors of the Abyss.
 62016 | Depths:2 | Noticed a caustic shrike
 62031 | Depths:1 | Killed a caustic shrike
 62311 | Vaults:5 | Entered Level 5 of the Vaults
 62316 | Vaults:5 | Noticed a golden dragon
 62337 | Vaults:5 | Killed a golden dragon
 62385 | Vaults:5 | Found Wyotas's Weapon Shop.
 62433 | Vaults:5 | Noticed an ancient lich
 62441 | Vaults:5 | Killed an ancient lich
 62501 | Vaults:5 | Identified the orb "Foos" {*Rage, rC+ rN+}
 62510 | Vaults:5 | Identified the +4 sling of the Howling Gods {freeze, +Blink
                  | Fly Will- Int+9}
 62663 | Vaults:5 | Noticed a dread lich
 62679 | Vaults:5 | Killed a dread lich
 62774 | Vaults:5 | Identified the ring "Vaatam" {Will+ Dex+6}
 62788 | Vaults:5 | Identified the +0 plate armour of the Sun {Str+7}
 62853 | Vaults:5 | Identified the amulet of the Turtle {rN+ Regen+}
 62860 | Vaults:5 | Reached skill level 26 in Shields
 62863 | Vaults:5 | Reached skill level 15 in Fighting
 62926 | Vaults:5 | Identified the +7 mace of Brutal Revenge {pain, Str+2 Int+3
                  | Dex+6}
 62961 | Vaults:5 | Identified the +3 flail "Lebliok" {flame, rPois rF+ Dex-2}
 62973 | Vaults:5 | Got a silver rune of Zot
 62976 | Vaults:5 | Noticed an ancient lich
 62976 | Vaults:5 | Noticed a dread lich
 62987 | Vaults:5 | Killed a dread lich
 63010 | Vaults:5 | Noticed a golden dragon
 63026 | Vaults:5 | Killed an ancient lich
 63032 | Vaults:5 | Killed a golden dragon
 63336 | Vaults:5 | Identified the +3 plate armour of Buofal {Int+4 Dex-5}
 63338 | Vaults:5 | Identified the staff of Spores {rElec rPois Will+ Int+3
                  | Alchemy}
 63352 | Vaults:5 | Identified the ring "Xaluhelo" {rElec Will++ Int+2 Dex-2
                  | SInv}
 63478 | Vaults:5 | Identified the +4 scale mail of Emiat {Rampage Dex+2}
 63640 | Vaults:5 | Identified the +3 trident of Turmoil {flame, rElec}
 63924 | Vaults:5 | Got the Almanac of the Vapourous Quarry
 63967 | Vaults:5 | Reached XP level 23. HP: 192/200 MP: 22/27
 64257 | Crypt:1  | Entered Level 1 of the Crypt
 64740 | Crypt:1  | Noticed Frederick
 64772 | Crypt:1  | Killed Frederick
 65174 | Crypt:1  | Noticed Bai Suzhen
 65193 | Crypt:1  | Killed Bai Suzhen
 65862 | Crypt:1  | Learned a level 4 spell: Vhi's Electric Charge
 65869 | Crypt:1  | Learned a level 6 spell: Dispersal
 65962 | Crypt:3  | Entered Level 3 of the Crypt
 66102 | Crypt:2  | Reached skill level 1 in Air Magic
 66281 | Crypt:2  | Noticed Vv
 66312 | Crypt:2  | Killed Vv
 66846 | Crypt:2  | Identified the +0 leather armour of Orthodoxy {rN+}
 66929 | Crypt:2  | Reached skill level 27 in Shields
 67937 | Depths:2 | Reached skill level 5 in Air Magic
 67960 | Depths:2 | Reached skill level 10 in Translocations
 68187 | Depths:2 | Identified the +2 hand axe of Luacw {spect, Fly rElec rN+}
 68269 | Depths:2 | Reached XP level 24. HP: 212/212 MP: 27/27
 68662 | Depths:3 | Found Ziuk's General Store.
 68684 | Depths:3 | Found a flickering gateway to a bazaar.
 68742 | Depths:3 | Bought a scroll of blinking for 112 gold pieces
 68742 | Depths:3 | Bought a scroll of silence for 142 gold pieces
 68771 | Bazaar   | Entered a bazaar
 68771 | Bazaar   | Found Hyihao Zided's Antique Weapon Emporium.
 68771 | Bazaar   | Found Urrut's Magic Scroll Emporium.
 68789 | Bazaar   | Found Zeviucli's Jewellery Boutique.
 68808 | Bazaar   | Found Otsoi's Antique Armour Shoppe.
 68819 | Bazaar   | Found Ytaedwuch's General Store.
 68831 | Bazaar   | Bought a scroll of revelation for 75 gold pieces
 68842 | Bazaar   | Bought a scroll of enchant armour for 97 gold pieces
 68842 | Bazaar   | Bought a scroll of blinking for 97 gold pieces
 68864 | Bazaar   | Bought a transparent scale mail for 252 gold pieces
 68864 | Bazaar   | Identified the +4 scale mail "Zour" {rC+ rN+ Regen+ Str+2
                  | Int-5} (You bought it in a shop in a bazaar)
 68949 | Depths:3 | Found Eluat's General Store.
 69014 | Depths:3 | Bought a scroll of immolation for 80 gold pieces
 69039 | Depths:3 | Found Isutzatu's Magic Scroll Shoppe.
 69174 | Depths:3 | Found a portal to a secret trove of treasure.
 69247 | Depths:3 | Bought a scroll of acquirement for 832 gold pieces
 69247 | Depths:3 | Bought a scroll of acquirement for 832 gold pieces
 69247 | Depths:3 | Bought a scroll of acquirement for 832 gold pieces
 69312 | Depths:3 | You paid a toll of 2 scrolls of acquirement to enter a
                  | treasure trove
 69313 | Trove    | Entered a treasure trove
 69329 | Trove    | Identified the +2 robe "Hulitul" {+Inv Will+}
 69370 | Depths:3 | Acquired the +1 helmet "Jedi" {Str+8 Int+3}
 69796 | Depths:3 | Identified the +5 great sword "Joitoiss" {venom, ^Fragile
                  | rPois rF+++ rN+}
 69978 | Depths:3 | Reached skill level 15 in Translocations
 70001 | Depths:3 | Noticed a juggernaut
 70148 | Depths:3 | Killed a juggernaut
 70744 | Depths:3 | Identified the +3 pair of boots of the Everdark {Rampage
                  | +Inv rF- Str+3}
 70962 | Depths:4 | Entered Level 4 of the Depths
 71169 | Depths:4 | Reached skill level 5 in Spellcasting
 71220 | Depths:4 | Reached XP level 25. HP: 218/218 MP: 29/31
 71248 | Depths:4 | Noticed Boris
 71255 | Depths:4 | Killed Boris
 71321 | Depths:4 | Reached skill level 10 in Evocations
 71390 | Depths:4 | Found a gate to the Realm of Zot.
 72509 | Snake:3  | Bought a book of Dreams for 360 gold pieces
 72513 | Snake:3  | Learned a level 3 spell: Fugue of the Fallen
 72906 | Orc:2    | Bought a scroll of summoning for 133 gold pieces
 72906 | Orc:2    | Bought a potion of haste for 140 gold pieces
 72914 | Orc:2    | Bought an ancient scale mail for 198 gold pieces
 72914 | Orc:2    | Identified the +8 scale mail of Jyerph {rCorr} (You bought
                  | it in a shop on level 2 of the Orcish Mines)
 73271 | Bazaar   | Entered a bazaar
 73271 | Bazaar   | Found Toeroemp's Weapon Emporium.
 73278 | Bazaar   | Found Epofrain's Antique Weapon Emporium.
 73292 | Bazaar   | Found Wiuto's Antique Armour Shop.
 73295 | Bazaar   | Found Atsunetz's Antique Weapon Emporium.
 73328 | Bazaar   | Found Otoanux's Assorted Antiques.
 73336 | Bazaar   | Bought a potion of curing for 72 gold pieces
 73336 | Bazaar   | Bought a potion of cancellation for 192 gold pieces
 73361 | Bazaar   | Bought a spiked leather armour for 196 gold pieces
 73361 | Bazaar   | Identified the +0 leather armour "Feggir" {*Slow rElec
                  | rF+++ Int+5} (You bought it in a shop in a bazaar)
 73361 | Bazaar   | Bought a twisted helmet for 266 gold pieces
 73361 | Bazaar   | Identified the +2 helmet of Resilience {rC+ Int-3 Dex+3}
                  | (You bought it in a shop in a bazaar)
 73955 | Snake:3  | Reached skill level 1 in Necromancy
 73971 | Snake:3  | Killed Ufav Mom's ghost
 73992 | Snake:3  | Bought a heavily runed cloak for 361 gold pieces
 73992 | Snake:3  | Identified the +2 cloak of the Last Blessings {Will++
                  | Str+2} (You bought it in a shop on level 3 of the Snake
                  | Pit)
 74674 | Crypt:2  | Found a basalt altar of Yredelemnul.
 75254 | Crypt:3  | Reached skill level 5 in Necromancy
 75505 | Crypt:3  | Learned a level 4 spell: Dispel Undead
 75533 | Crypt:3  | Found a basalt altar of Yredelemnul.
 75536 | Crypt:3  | Found an ancient bone altar of Kikubaaqudgha.
 75784 | Crypt:3  | Identified the staff "Ujecwy" {rN+ Will+ Int+4 Stlth-
                  | Necro}
 75968 | Crypt:3  | Found a staircase to the Tomb.
 75973 | Tomb:1   | Entered Level 1 of the Tomb of the Ancients
 76318 | Tomb:1   | Identified the +5 battleaxe "Hellblazer" {vamp, *Noise
                  | rElec Int+3 Dex+2}
 77175 | Slime:1  | Entered Level 1 of the Pits of Slime
 77290 | Slime:3  | Gained mutation: You are occasionally teleported next to
                  | monsters. [a shining eye]
 77647 | Slime:5  | Entered Level 5 of the Pits of Slime
 77668 | Slime:5  | Noticed the Royal Jelly
 77682 | Slime:5  | Killed the Royal Jelly
 77721 | Slime:5  | Gained mutation: Your magical capacity is low. (-10% MP) [a
                  | shining eye]
 77746 | Slime:5  | Reached XP level 26. HP: 229/229 MP: 31/31
 77748 | Slime:5  | Found the +11 Singing Sword {sonic wave}
 77756 | Slime:5  | Found the +0 mask of the Dragon {Will+ Slay+3 SInv}
 77757 | Slime:5  | Found the +11 plutonium sword {^Contam Stlth-}
 77760 | Slime:5  | Identified the staff "Diypim" {rElec rF+ rC+ Fire}
 77762 | Slime:5  | Got a slimy rune of Zot
 77763 | Slime:5  | Got a starry gem with 486 turns to spare
 77764 | Slime:5  | Identified the +6 executioner's axe of the Dead {pain,
                  | ^Drain +Blink rC++ Str+3}
 77770 | Slime:5  | Gained mutation: You sometimes lose your temper in combat.
                  | [a shining eye]
 77773 | Slime:5  | Gained mutation: You are frail. (-10% HP) [a shining eye]
 77794 | Slime:5  | Reached XP level 27. HP: 213/213 MP: 31/31
 77869 | Slime:5  | Identified the +0 helmet of Charity {+Inv}
 77871 | Slime:5  | Identified the +1 robe of Dust Devil {Dex+4}
 77901 | Slime:5  | Identified the +3 hand axe "Zum Emeh" {antimagic, rElec}
 77903 | Slime:5  | Reached skill level 10 in Necromancy
 78415 | D:2      | Bought a potion of haste for 140 gold pieces
 78415 | D:2      | Bought a potion of resistance for 140 gold pieces
 78415 | D:2      | Bought a potion of mutation for 112 gold pieces
 78415 | D:2      | Bought a potion of haste for 140 gold pieces
 78415 | D:2      | Bought a potion of brilliance for 56 gold pieces
 78415 | D:2      | Bought a potion of haste for 140 gold pieces
 78742 | Depths:1 | Voluntarily entered the Abyss.
 78762 | Abyss:1  | Learned a level 2 spell: Passwall
 78866 | Abyss:2  | Found a corrupted altar of Lugonu.
 78876 | Abyss:2  | Found a corrupted altar of Lugonu.
 78876 | Abyss:2  | Found a corrupted altar of Lugonu.
 78880 | Abyss:2  | Found a transporter.
 78880 | Abyss:2  | Found a transporter.
 78888 | Abyss:2  | Reached skill level 1 in Earth Magic
 78888 | Abyss:2  | Reached skill level 1 in Alchemy
 78951 | Abyss:2  | Identified the ring of Summer {rPois rF+ rC+ Dex+6}
 79036 | Abyss:2  | Found a corrupted altar of Lugonu.
 79234 | Depths:1 | Escaped the Abyss
 79241 | Depths:1 | Voluntarily entered the Abyss.
 79555 | Abyss:3  | Found a corrupted altar of Lugonu.
 79606 | Abyss:3  | Got an abyssal rune of Zot
 79621 | Depths:1 | Escaped the Abyss
 79704 | Hell     | Entered the Vestibule of Hell
 79704 | Hell     | Noticed Geryon
 79729 | Depths:1 | Lost mutation: Your magical capacity is low. (-10% MP)
                  | [potion of mutation]
 79729 | Depths:1 | Lost mutation: You are frail. (-10% HP) [potion of
                  | mutation]
 79729 | Depths:1 | Gained mutation: You are clumsy. (Dex -2) [potion of
                  | mutation]
 79730 | Depths:1 | Lost mutation: Your health recovers twice as slowly from
                  | being drained. [potion of mutation]
 79730 | Depths:1 | Lost mutation: You are clumsy. (Dex -2) [potion of
                  | mutation]
 79730 | Depths:1 | Gained mutation: Your spells are a little easier to cast,
                  | but a little less powerful. [potion of mutation]
 79730 | Depths:1 | Gained mutation: You are partially covered in iridescent
                  | scales. (AC +2) [potion of mutation]
 79730 | Depths:1 | Gained mutation: You are often teleported next to monsters.
                  | [potion of mutation]
 79730 | Depths:1 | Gained mutation: Your flesh is cold resistant. (rC+)
                  | [potion of mutation]
 79731 | Depths:1 | Lost mutation: Your flesh is cold resistant. (rC+) [potion
                  | of mutation]
 79731 | Depths:1 | Lost mutation: You sometimes lose your temper in combat.
                  | [potion of mutation]
 79731 | Depths:1 | Gained mutation: You are weak. (Str -2) [potion of
                  | mutation]
 79731 | Depths:1 | Gained mutation: You have hidden genetic defects. [potion
                  | of mutation]
 79732 | Depths:1 | Lost mutation: You are weak. (Str -2) [potion of mutation]
 79732 | Depths:1 | Lost mutation: You are often teleported next to monsters.
                  | [potion of mutation]
 79732 | Depths:1 | Lost mutation: Your spells are a little easier to cast, but
                  | a little less powerful. [potion of mutation]
 79732 | Depths:1 | Gained mutation: You have sharp toenails. [potion of
                  | mutation]
 79774 | Depths:1 | Lost mutation: You have hidden genetic defects. [potion of
                  | mutation]
 79774 | Depths:1 | Lost mutation: You are partially covered in iridescent
                  | scales. (AC +2) [potion of mutation]
 79774 | Depths:1 | Lost mutation: You have sharp toenails. [potion of
                  | mutation]
 79774 | Depths:1 | Gained mutation: You occasionally shout uncontrollably at
                  | your foes. [potion of mutation]
 79774 | Depths:1 | Gained mutation: Your natural rate of healing is unusually
                  | fast. [potion of mutation]
 79797 | Hell     | Reached skill level 5 in Earth Magic
 79797 | Hell     | Reached skill level 5 in Alchemy
 79814 | Hell     | Killed Geryon
 79899 | Hell     | Found a gateway to the decaying netherworld of Tartarus.
 79987 | Hell     | Found a gateway to the ashen valley of Gehenna.
 80265 | Hell     | Found a gateway to the Iron City of Dis.
 80405 | Hell     | Found a gateway to the freezing wastes of Cocytus.
 80605 | Zot:1    | Entered Level 1 of the Realm of Zot
 81649 | Zot:2    | Acquired 682 gold pieces
 82883 | Zot:4    | Noticed an orb of fire
 82900 | Zot:4    | Killed an orb of fire
 83663 | Zot:5    | Entered Level 5 of the Realm of Zot
 83687 | Zot:5    | Found a transporter.
 83713 | Zot:5    | Found a transporter.
 83715 | Zot:5    | Found a transporter.
 83715 | Zot:5    | Found a transporter.
 83853 | Zot:5    | Found a transporter.
 83859 | Zot:5    | Found a transporter.
 84079 | Zot:5    | Noticed an orb of fire
 84080 | Zot:5    | Noticed an orb of fire
 84081 | Zot:5    | Gained mutation: You are vulnerable to cold. (rC-) [an orb
                  | of fire]
 84091 | Zot:5    | Noticed an orb of fire
 84095 | Zot:5    | Killed an orb of fire
 84097 | Zot:5    | Noticed an orb of fire
 84098 | Zot:5    | Noticed an orb of fire
 84099 | Zot:5    | Got the Orb of Zot
 84104 | Zot:5    | Killed an orb of fire
 84638 | D:1      | Noticed Ratael the pandemonium lord
 84652 | D:1      | Killed Ratael the pandemonium lord
 84672 | D:$      | Escaped with the Orb!

Illustrated notes

Levels and vault maps discovered:
D:1:      dpeg_arrival_lava_altar, layout_loops_corners
D:2:      layout_loops_ring, serial_shops, shop
D:3:      layout_rooms, chequers_temple_overflow_statue_of_worship, uniq_terence
D:4:      layout_basic, nicolae_ru_path_of_blood, kennysheep_orc_sif_temple,
          serial_shops, nicolae_shop_industrial_runoff,
          nicolae_ossuary_entry_monument
D:5:      layout_loops_ring, marbit_many_paths
D:6:      cheibrodos_steamvent, layout_loops_corners,
          grunt_temple_overflow_forces_of_nature
D:7:      layout_basic, fiery_altar_vehumet, minmay_temple_entry_stoned_glass,
          uniq_maurice, uniq_menkaure
D:8:      layout_basic, mainiacjoe_overflow_six_doors_small,
          palyth_stone_intersect
D:9:      layout_basic, nzn_hepliaklqana_mist_gate, ebering_ghost_disaster_area,
          uniq_maggie, uniq_grum, uniq_jeremiah, uniq_amaemon
D:10:     layout_loops_ring, nemelex_spade_bored_becter,
          nicolae_shop_dragon_depot, kennysheep_small_circle, uniq_psyche
D:11:     layout_rooms, erik_lair_dragon, minmay_diamond_spiral
D:12:     layout_small_grid, orc_0_dummy, uniq_fannar
D:13:     layout_irregular_city, grunt_vaults_entry_tiered, serial_shops,
          nicolae_lakefront_shop, nrook_uturn, uniq_lodul, uniq_snorg
D:14:     layout_roguey, small_statue_intersection,
          minmay_guarded_unrand_vampires_tooth, uniq_azrael, uniq_jorgrun
D:15:     gammafunk_depths_entry_grave, layout_cave_pools,
          minmay_misc_feat_ornament, serial_shops, nicolae_diamond_shop,
          serial_ice, serial_ice_k, serial_ice_c, serial_ice_h, serial_ice_e
Temple:   hellmonk_temple_forest_ring
Lair:1:   layout_regular_city, grunt_megastairs_5, uniq_joseph
Lair:2:   layout_roguey [special_room_bee], columned_hall_lemuel,
          grunt_megastairs_3
Lair:3:   layout_cave_pods, minmay_shoals_entry_centaurs,
          minmay_snake_entry_spellcaster, st_stairs_9
Lair:4:   layout_hall_layers
Lair:5:   hangedman_lair_in_review, layout_misc_corridors,
          guppyfry_lair_end_dragon, minmay_slime_entry_pillars
Shoals:1: layout_shoals
Shoals:2: layout_shoals, serial_shops, shop
Shoals:3: layout_shoals, nicolae_shoals_kraken_party, uniq_polyphemus
Shoals:4: shoals_end_hangedman, layout_shoals
Snake:1:  layout_rooms, nicolae_snake_omega, nicolae_integral_box, uniq_donald
Snake:2:  layout_grid_maze, serial_bayou_pond_e, uniq_vashnia
Snake:3:  layout_grid_maze, portal_ice_cave_entry_frozen_things,
          ebering_ghost_gozag, minmay_shop_grove
Snake:4:  grunt_snake_rune_spirals, layout_onion, nicolae_snake_double_loop,
          uniq_aizul
Slime:1:  layout_caves, nicolae_slime_barrier
Slime:2:  layout_caves
Slime:3:  layout_caves
Slime:4:  layout_caves, nicolae_slime_rock_hall_of_fame
Slime:5:  slime_pit
Orc:1:    layout_caves, serial_shops, shop
Orc:2:    st_orc_pillars, layout_caves, serial_shops, bzr_entry_road, shop,
          shop, nicolae_orc_flooded_monolith, uniq_saint_roka
Elf:1:    eino_elf_arrival_altar, layout_gridlike, minmay_elf_annihilation,
          drop_trap, item_on_display_a
Elf:2:    nicolae_elf_blades_crystal_corner, layout_rooms, serial_shops,
          nicolae_shop_statue_plus
Elf:3:    minmay_elf_hall_x, layout_loops_corners, serial_shops, bzr_entry_dummy
Vaults:1: nicolae_vaults_lightning_bolt, nicolae_vaults_trapezoid_lopsided_2,
          grunt_vaults_swirl, nicolae_vaults_specimen_jars, minmay_orc_keep,
          vaults_room_hallway, nicolae_vaults_alarming, vaults_room_door_hall,
          nicolae_vaults_double_plus_3, nicolae_vaults_tetromino_L_2,
          hangedman_vaults_maws, layout_vaults_chaotic_city
Vaults:2: portal_desolation_entry_nicolae_slug,
          vaults_room_grunt_arrival_ludios, nicolae_vaults_cornered_office,
          dpeg_vaults_monster_box, nicolae_vaults_diagonal_hallway_6,
          nicolae_vaults_tetromino_Z_1, nicolae_vaults_crenellated_ambush,
          nicolae_vaults_tetromino_Z_1, nicolae_vaults_little_squares_5,
          nicolae_vaults_border_crossing, layout_vaults_omnigrid, uniq_norris,
          uniq_xtahua
Vaults:3: vaults_mumra_chevron, vaults_room_door_ring, v_misc_9,
          nicolae_vaults_turnstiles, vaults_dpeg_hooks,
          minmay_crypt_entry_nasty_monster, nicolae_vaults_trapezoid_lopsided_3,
          v_pattern_4, vaults_dpeg_cross, ontoclasm_vaults_eye,
          nicolae_vaults_shrinking_rooms_1, nicolae_vaults_storage_closets_3,
          ontoclasm_vaults_misaligned, nicolae_vaults_security_offices_1,
          grunt_vaults_hallway_short, layout_vaults_omnibox, serial_shops,
          nicolae_shop_just_a_little_nook, nicolae_shop_rolling_square,
          nicolae_shop_trees, nicolae_shop_hallway_plus
Vaults:4: vaults_room_large_hall, v_misc_14, vaults_standard_mumra_x,
          nicolae_vaults_know_your_exits, hangedman_vaults_nails,
          grunt_vaults_twisty, v_alt_pattern_6, nicolae_vaults_rhombus_6,
          nicolae_vaults_little_squares_4, serial_ice_b,
          layout_vaults_omnicross, serial_shops, bzr_entry_lakeside, uniq_zenata
Vaults:5
Crypt:1:  layout_misc_corridors, grunt_crypt_arrival_webbed, grunt_megastairs_1,
          uniq_bai_suzhen, uniq_frederick, uniq_margery
Crypt:2:  layout_gridlike, lemuel_upstairs_altar, uniq_vv
Crypt:3:  lightli_unholy_cathedral, layout_chaotic_city,
          nicolae_tomb_entry_grand_gallery
Tomb:1
Depths:1: layout_twisted_cross, enter_ziggurat_c, rand_demon_pan_entry_9,
          skrybe_limestone_x, mu_enter_wizlab_5, grunt_hell_entry_dis_grunt,
          minmay_room_of_horrors, minivault_12
Depths:2: nooodl_heptagram, layout_cave_shapes, hell_entry, abyss_entry,
          rand_demon_pan_entry_8, kennysheep_doodads, uniq_grunn
Depths:3: minmay_octagon_city, layout_cross, hangedman_coc_ice_floe,
          enter_trove_6, abyss_entry_crystal, serial_shops, bzr_entry_water,
          shop, nicolae_shop_tiny_waterfront, shop
Depths:4: grunt_zot_entry_tricorne, layout_honeycomb,
          hangedman_abyss_or_decor_stabs, pan_entry, hellmouth_1, uniq_boris
Hell
Zot:1:    layout_misc_corridors, hangedman_zot_decor_unnerving_road
Zot:2:    layout_misc_corridors
Zot:3:    layout_gridville, regret_index_zotdec_zees,
          regret_index_zotdec_under_construction, drop_trap
Zot:4:    layout_basic, regret_index_zotdec_onion_hex,
          regret_index_zotdec_twisting_globes
Zot:5:    layout_basic, serial_nicolae_subway, nicolae_sub_station_stone,
          nicolae_sub_station_metal, nicolae_sub_station_crystal

Skill      XL: |  1  2  3  4  5  6  7  8  9 10 11 12 13 14 15 16 17 18 19 20 21 22 23 24 25 26 27 |
---------------+----------------------------------------------------------------------------------+-----
Stealth        | 2 12 13 | 13.0
Axes           | 3 4 5 8 9 11 13 15 16 17 18 | 18.0
Shields        | 2 3 4 5 6 10 13 15 17 18 19 20 21 23 25 26 27 | 27.0
Armour         | 2 4 8 11 14 15 16 18 19 21 22 | 22.1
Dodging        | 1 3 5 |  5.3
Evocations     | 1 2 5 7 8 9 10 | 10.3
Fire Magic     | 5 6 |  6.0
Spellcasting   | 3 5 8 |  8.5
Translocations | 2 5 6 8 10 16 | 16.0
Fighting       | 5 7 10 12 13 15 16 17 24 | 24.0
Air Magic      | 5 |  5.0
Necromancy     | 9 10 | 10.2
Earth Magic    | 5 |  5.0
Alchemy        | 5 |  5.0

Action                     |  1- 3 |  4- 6 |  7- 9 | 10-12 | 13-15 | 16-18 | 19-21 | 22-24 | 25-27 || total
---------------------------+-------+-------+-------+-------+-------+-------+-------+-------+-------++-------
  Melee: Hand axe          |    74 |   197 |   290 |    20 |    33 |       |       |       |       ||   614
         Tailslap          |    12 |    29 |    35 |    61 |   255 |   323 |   428 |   499 |   539 ||  2181
         Broad axe         |       |       |       |   453 |  1647 |  2108 |  2089 |  2263 |  2135 || 10695
  Throw: Boomerang         |     2 |     5 |       |       |     1 |       |       |       |       ||     8
         Dart              |       |     1 |     5 |    11 |    15 |       |       |     3 |       ||    35
         Throwing net      |       |       |       |     2 |       |       |       |       |       ||     2
   Cast: Scorch            |     4 |    22 |    91 |    83 |    58 |    54 |     2 |     3 |       ||   317
         Blink             |       |       |       |       |       |     1 |     2 |     3 |     1 ||     7
         Vhi's Electric Ch |       |       |       |       |       |       |       |    18 |    89 ||   107
         Dispersal         |       |       |       |       |       |       |       |     1 |       ||     1
         Fugue of the Fall |       |       |       |       |       |       |       |       |    28 ||    28
         Passwall          |       |       |       |       |       |       |       |       |    13 ||    13
         Dispel Undead     |       |       |       |       |       |       |       |       |     4 ||     4
 Invoke: Fiery Armour      |       |       |     1 |     3 |     6 |     2 |       |       |       ||    12
         Rising Flame      |       |       |       |       |     1 |       |       |       |       ||     1
         Call Merchant     |       |       |       |       |       |       |     1 |       |     1 ||     2
         Potion Petition   |       |       |       |       |       |       |     1 |       |       ||     1
         Bribe Branch      |       |       |       |       |       |       |       |     1 |     1 ||     2
  Evoke: Wand              |       |       |     8 |     7 |    17 |    11 |     3 |    16 |     2 ||    64
         Lightning rod     |       |       |       |       |       |     3 |     3 |       |       ||     6
         Tin of tremorston |       |       |       |       |       |     2 |     4 |     2 |       ||     8
         Box of beasts     |       |       |       |       |       |     2 |       |       |       ||     2
         Phantom mirror    |       |       |       |       |       |     2 |     1 |     2 |       ||     5
         Phial of floods   |       |       |       |       |       |       |       |     1 |       ||     1
    Use: Potion            |     2 |     3 |     6 |    10 |     8 |     9 |     5 |     5 |    13 ||    61
         Scroll            |       |     7 |     5 |    16 |     6 |     8 |     6 |     4 |     8 ||    60
   Stab: Sleeping          |       |     2 |     2 |     1 |     1 |       |       |       |       ||     6
         Invisible         |       |       |       |    22 |       |    25 |    29 |    24 |    29 ||   129
         Distracted        |       |       |       |       |     1 |     5 |     9 |     9 |    13 ||    37
         Petrified         |       |       |       |       |       |     5 |       |       |       ||     5
 Armour: Robe              |    48 |    80 |       |       |       |       |       |       |       ||   128
         Leather armour    |       |    78 |   294 |   573 |   770 |       |       |       |       ||  1715
         Plate armour      |       |       |       |       |   412 |   959 |       |       |       ||  1371
         Storm dragon scal |       |       |       |       |       |   316 |   875 |  1351 |  1654 ||  4196
  Dodge: Dodged            |    38 |    77 |   143 |   282 |   649 |   607 |   473 |   642 |   520 ||  3431
  Block: Buckler           |       |    22 |    63 |   119 |    36 |       |       |       |       ||   240
         Kite shield       |       |       |       |       |  1183 |  1469 |  1501 |  1456 |  1591 ||  7200
         Reflection        |       |       |       |       |       |     9 |    47 |       |       ||    56

Table legend: (Time is in decaauts)
 A = Elapsed time spent in this place.
 B = Non-inter-level travel time spent in this place.
 C = Inter-level travel time spent in this place.
 D = Time resting spent in this place.
 E = Time spent auto-exploring this place.
 F = Levels seen in this place.
 G = Mean time per level.
                   A        B        C        D        E       F      G
               +--------+--------+--------+--------+--------+-----+--------+
         Total |  82103 |  71854 |  10249 |  13382 |  31695 |  71 | 1156.4 |
       Dungeon |  22630 |  18193 |   4437 |   4775 |   8506 |  15 | 1508.7 |
        Temple |      1 |      1 |      0 |      0 |      0 |   1 |    1.0 |
          Lair |   8273 |   6815 |   1458 |   2119 |   2936 |   5 | 1654.6 |
        Shoals |   6733 |   6477 |    256 |   1900 |   2477 |   4 | 1683.2 |
     Snake Pit |   6911 |   5742 |   1169 |   1077 |   2291 |   4 | 1727.8 |
    Slime Pits |    824 |    814 |     10 |      0 |    158 |   5 |  164.8 |
  Orcish Mines |   2588 |   2258 |    330 |    301 |    907 |   2 | 1294.0 |
   Elven Halls |   2931 |   2734 |    197 |    102 |   1547 |   3 |  977.0 |
        Vaults |  10842 |   9559 |   1283 |    865 |   5420 |   5 | 2168.4 |
         Crypt |   4189 |   3893 |    296 |    376 |   1977 |   3 | 1396.3 |
          Tomb |    767 |    724 |     43 |    136 |     77 |   1 |  767.0 |
        Depths |   6233 |   5654 |    579 |    312 |   2295 |   4 | 1558.2 |
          Hell |    638 |    638 |      0 |     55 |    165 |   1 |  638.0 |
           Zot |   3267 |   3080 |    187 |    182 |   1581 |   5 |  653.4 |
         Abyss |    815 |    815 |      0 |     39 |      0 |   4 |  203.8 |
        Bazaar |    586 |    586 |      0 |      0 |    251 |   4 |  146.5 |
         Trove |     37 |     37 |      0 |      0 |      2 |   1 |   37.0 |
       Ossuary |    310 |    310 |      0 |     87 |     27 |   1 |  310.0 |
      Ice Cave |   1106 |   1106 |      0 |    202 |    571 |   1 | 1106.0 |
        Wizlab |   1118 |   1118 |      0 |    362 |    258 |   1 | 1118.0 |
    Desolation |   1297 |   1297 |      0 |    489 |    248 |   1 | 1297.0 |
               +--------+--------+--------+--------+--------+-----+--------+

Top non-repeatable levels by time:
Vaults:2: 3005 daAuts
    D:11: 2753 daAuts
    D:13: 2377 daAuts
Vaults:1: 2165 daAuts
 Snake:4: 2157 daAuts
  Lair:3: 2070 daAuts
     D:9: 2037 daAuts
Vaults:4: 2009 daAuts
Shoals:3: 1975 daAuts
     D:5: 1944 daAuts
Depths:3: 1932 daAuts
Shoals:4: 1918 daAuts
Vaults:3: 1885 daAuts
 Snake:3: 1885 daAuts
Vaults:5: 1777 daAuts
